Map: Blueshift LE

Players

Halfhealth - Winner!

  • Race: Zerg Zerg
  • League: Gold
  • Spawn Location: 7:00

Sketchaphone

  • Race: Zerg Zerg
  • League: Gold
  • Spawn Location: 1:00

VOD

Have the link to the VOD?

Description

Time

  • Played on: Jan. 21, 2019, 4:50 p.m.
  • Length: 12:10
Show
View Real Time Build Order
Export as new Build Order

Halfhealth Zerg - Winner!

Build Orders: Hatch First, Swarm Host 

Get SALT Encoding   

  12  0:01  Drone  
  13  0:12  Overlord  
  13  0:16  Drone  
  14  0:31  Drone x2  
  16  0:37  Drone  
  17  0:53  Hatchery  
  16  0:57  Drone  
  16  1:00  Drone  
  18  1:07  Drone  
  19  1:12  Extractor  
  18  1:19  Spawning Pool  
  18  1:23  Drone  
  18  1:28  Drone  
  19  1:39  Drone  
  20  1:49  Overlord  
  20  2:06  Zergling x2  
  20  2:07  Zergling x2  
  22  2:10  Queen x2  
  26  2:18  Metabolic Boost  
  26  2:20  Drone  
  26  2:21  Drone  
  28  2:35  Spine Crawler  
  27  2:41  Zergling x8  
  32  2:56  Overlord  
  32  2:59  Overlord  
  32  3:03  Overlord  
  31  3:05  Overlord  
  31  3:11  Drone  
  31  3:12  Drone  
  33  3:17  Lair  
  33  3:19  Drone  
  34  3:31  Zergling x10  
  34  3:32  Zergling x4  
  41  3:39  Spine Crawler  
  40  3:43  Spine Crawler  
  40  3:47  Spine Crawler  
  36  4:07  Drone x3  
  36  4:08  Drone x5  
  42  4:16  Drone x2  
  44  4:17  Drone  
  44  4:19  Drone  
  43  4:27  Infestation Pit  
  39  4:32  Zergling x4  
  39  4:33  Zergling x2  
  39  4:36  Drone  
  43  4:39  Drone  
  43  4:40  Drone  
  43  4:41  Drone  
  43  4:45  Extractor  
  45  4:48  Evolution Chamber  
  44  4:53  Evolution Chamber  
  44  4:55  Drone x2  
  44  4:56  Drone  
  46  5:00  Drone x2  
  46  5:04  Extractor  
  46  5:05  Extractor  
  46  5:13  Zergling x4  
  48  5:16  Queen x2  
  52  5:21  Zerg Melee Weapons Level 1  
  52  5:26  Zerg Ground Armor Level 1  
  52  5:28  Drone  
  52  5:29  Drone  
  52  5:30  Drone  
  52  5:31  Drone  
  55  5:47  Zergling x12  
  59  6:06  Zergling x10  
  59  6:18  Overlord x2  
  58  6:35  Zergling x6  
  58  6:36  Zergling x6  
  59  6:50  Hive  
  59  6:56  Zergling x8  
  59  6:57  Zergling x4  
  65  7:11  Zergling x12  
  67  7:25  Swarm Host x2  
  73  7:32  Swarm Host  
  76  7:43  Zergling x2  
  76  7:44  Zergling x8  
  69  7:52  Zergling x4  
  64  8:09  Swarm Host x4  
  76  8:31  Adrenal Glands, Hatchery  
  76  8:32  Overlord x3  
  76  8:33  Overlord x2  
  73  8:50  Zergling x4  
  73  8:51  Zergling x2  
  73  8:53  Zerg Melee Weapons Level 2  
  73  8:54  Zerg Ground Armor Level 2  
  71  9:05  Zergling x10  
  76  9:21  Zergling x8  
  77  9:28  Hatchery  
  77  9:30  Hatchery  
  77  9:31  Swarm Host x5  
  72  9:38  Drone  
  88  9:39  Drone  
  88  9:43  Infestor  
  88  9:44  Infestor  
  93  9:46  Swarm Host  
  79  10:15  Zergling x16  
  79  10:16  Zergling x2  
  86  10:28  Zergling x4  
  88  10:37  Zergling x2  
  89  10:47  Zergling x2  
  89  10:48  Zergling x2  
  84  11:02  Zergling x10  
  84  11:03  Zergling x12  
  89  11:13  Zergling x2  
  89  11:14  Zergling x4  
  90  11:28  Queen  
  90  11:30  Queen  
  94  11:34  Zergling x14  
  94  11:35  Zergling x2  
Show
View Real Time Build Order
Export as new Build Order

Sketchaphone Zerg 

Build Orders: Hatch First 

Get SALT Encoding   

  12  0:01  Drone  
  13  0:15  Overlord  
  13  0:19  Drone  
  14  0:23  Extractor  
  14  0:24  Drone  
  16  0:35  Drone  
  16  0:37  Drone  
  17  0:56  Hatchery  
  16  1:01  Drone, Extractor  
  16  1:03  Drone  
  17  1:15  Drone  
  18  1:25  Spawning Pool  
  17  1:34  Drone x2  
  19  1:44  Drone  
  20  1:55  Overlord  
  20  2:04  Drone  
  21  2:12  Metabolic Boost  
  21  2:13  Zergling x2  
  22  2:17  Queen, Zergling x2  
  25  2:42  Overlord  
  25  2:44  Drone  
  25  2:57  Queen  
  25  2:58  Queen  
  29  2:59  Zergling x2  
  29  3:00  Drone x2  
  32  3:08  Roach Warren  
  31  3:19  Zergling x4  
  33  3:20  Drone x2  
  33  3:21  Drone  
  33  3:23  Drone  
  37  3:28  Drone  
  38  3:41  Drone x2  
  40  3:53  Roach x2  
  44  3:57  Spine Crawler  
  39  4:14  Zergling x4  
  39  4:15  Drone x3  
  39  4:16  Zergling x2  
  36  4:26  Spine Crawler  
  36  4:29  Drone  
  36  4:30  Drone x2  
  36  4:31  Overlord  
  38  4:32  Drone x2  
  38  4:38  Pneumatized Carapace  
  40  4:42  Evolution Chamber  
  39  4:47  Roach x2  
  43  4:59  Queen  
  45  5:12  Overlord x2  
  45  5:13  Drone x2  
  47  5:28  Roach x2  
  51  5:30  Overlord, Hatchery  
  51  5:31  Drone x2  
  52  5:42  Hatchery  
  52  5:45  Roach x2  
  53  6:02  Roach  
  53  6:03  Overlord x2, Roach x2, Zergling x2  
  60  6:13  Drone x2  
  60  6:36  Roach  
  60  6:37  Zergling x8, Drone  
  67  6:44  Spine Crawler  
  66  6:56  Extractor  
  66  6:58  Lair  
  66  7:00  Zerg Ground Armor Level 1  
  65  7:02  Drone x3  
  65  7:03  Zergling x4  
  65  7:06  Evolution Chamber  
  67  7:20  Roach x3  
  67  7:21  Roach x4, Zergling x2  
  59  7:55  Drone x3  
  59  7:56  Drone  
  52  8:24  Evolution Chamber  
  52  8:25  Extractor  
  52  8:26  Extractor  
  49  8:30  Evolution Chamber  
  49  8:31  Zergling x4  
  49  8:32  Overlord, Zergling x10  
  53  8:50  Zerg Missile Weapons Level 1  
  50  8:56  Drone x2  
  50  8:57  Drone x2  
  50  8:58  Drone  
  53  9:15  Hatchery  
  52  9:24  Zergling x4  
  54  9:45  Zergling x22  
  64  10:01  Hatchery  
  62  10:07  Glial Reconstitution  
  49  10:21  Roach  
  49  10:22  Roach x6  
  49  10:27  Drone x2  
  49  10:28  Spire  
  51  10:36  Roach x2  
  51  10:37  Roach x2  
  59  10:53  Overseer  
  55  10:58  Ravager  
  55  11:02  Zergling x14  
  57  11:05  Zergling x2  
  57  11:10  Drone  
  50  11:13  Drone  
  50  11:18  Zergling x4  
  43  11:26  Roach x2  
  43  11:32  Roach  
  49  11:36  Roach  
  49  11:41  Roach  
  49  11:42  Drone  
  49  11:46  Roach  
  54  11:55  Drone  
  54  11:58  Drone  
Tags
 
Composition
Swarm Host
League
GoldGold
Matchup
ZvZ
Race
Zerg
Replay Pack
init
Spawn Locations
Cross Positions
Add a new tag
Caveats
  • Supply blocks, unpowered buildings, or Contaminate may cause inaccurate times.
  • Supply counts are checked every 10 seconds.